 Dungeon Sprint DCSS version 0.28.0-62-gf88900778d (webtiles) character file.

Game seed: 17453235780176955022

5 DeltaZero the Chopper (level 1, 0/19 HPs)
             Began as a Human Berserker on May 26, 2023.
             Was a Believer of Trog.
             Slain by a water moccasin (8 damage)
             ... in the Dungeon (Sprint IX: "|||||||||||||||||||||||||||||").
             The game lasted 00:00:17 (65 turns).

DeltaZero the Chopper (Human Berserker)               Turns: 65, Time: 00:00:17

Health: 0/19       AC:  2    Str: 17    XL:     1   Next: 88%
Magic:  1/1        EV: 12    Int:  7    God:    Trog [**....]
Gold:   0          SH:  0    Dex: 12    Spells: 0/0 levels left

rFire   . . .      SeeInvis .   a - +0 hand axe
rCold   . . .      Faith    .   (no shield)
rNeg    . . .      Spirit   .   b - +0 animal skin
rPois   .          Reflect  .   (no helmet)
rElec   .          Harm     .   (no cloak)
rCorr   .          Rampage  .   (no gloves)
Will    .....      NoTele   +   (no boots)
Stlth   +.........              (no amulet)
HPRegen 0.06/turn               (no ring)
MPRegen 0.07/turn               (no ring)

@: on berserk cooldown, slowed, very slow
A: no striking features
a: Renounce Religion, Berserk, Trog's Hand


You were in the Dungeon.
You worshipped Trog.
Trog was pleased with you.
You visited 1 branch

Inventory:

Hand Weapons
 a - a +0 hand axe (weapon)
Armour
 b - a +0 animal skin (worn)
Scrolls
 h - a scroll of blinking
Potions
 c - a potion of curing
 d - a potion of heal wounds
 e - a potion of haste
 f - 2 potions of magic
 g - a potion of berserk rage


   Skills:
 + Level 3.7 Fighting
 + Level 3.7 Axes
 + Level 2.2 Armour
 + Level 2.2 Dodging


You couldn't memorise any spells.
You didn't know any spells.
Your spell library was empty.

Dungeon Overview and Level Annotations

Branches:
Dungeon (1/1)

Altars:


Message History

Trog accepts your kill. The ball python closely misses you.
The ball python grabs you. The ball python constricts you.
There is an open door to the Dungeon here.
Things that are here:
a bat corpse; a bat corpse You closely miss the ball python.
The ball python bites you. The ball python constricts you.
You slash the ball python!
You kill the ball python!
Trog accepts your kill.
You see here a ball python corpse.
You feel a strong urge to attack something.
You are no longer berserk.
You are exhausted.
You feel yourself slow down.
You feel yourself speed up.
You recover from your berserk rage.
A red film seems to cover your vision as you go berserk!
You feel yourself moving faster!
You feel mighty!
The door flies open with a bang!
You feel a strong urge to attack something.
A bat skeleton, a dart slug, a water moccasin and 2 adders come into view.
The adder hisses angrily.
The water moccasin hisses angrily.
The adder hisses angrily.
The water moccasin bites you.
There is an open door, spattered with blood here.
You closely miss the water moccasin. The water moccasin misses you.
You hit the water moccasin.
The water moccasin is moderately wounded.
You are no longer berserk.
You are exhausted.
You feel yourself slow down. The water moccasin bites you!
You miss the water moccasin.
The water moccasin is moderately wounded.
The water moccasin barely misses you. The water moccasin bites you.
You hit the water moccasin.
The water moccasin is moderately wounded.
The water moccasin bites you!
You die...

▓+▓
▓Z▓
▓w▓
▓S▓
▓S▓
▓S▓
▓@▓
▓.▓
▓.▓
▓.▓
▓.▓
▓†▓
▓†▓
▓.▓
▓.▓


You could see a water moccasin, 2 adders, a dart slug and a bat skeleton.

Vanquished Creatures
  A ball python (D)
  3 bats (D)
  An endoplasm (D)
5 creatures vanquished.

Notes
Turn   | Place    | Note
-------+----------+-------------------------------------------
     0 | D        | DeltaZero the Human Berserker began the quest for the Orb.
     0 | D        | Reached XP level 1. HP: 18/18 MP: 1/1
     8 | D        | Reached ** piety under Trog
    60 | D        | Noticed a water moccasin
    65 | D        | Slain by a water moccasin

Illustrated notes

Levels and vault maps discovered:
D:        linesprint [early_d, line_temple, items_1, d_10, items_2, lair_1,
          lair_end, items_3, orc_1, orc_end, items_4, d_15, swamp_1, shoals_1,
          snake_1, spider_1, d_20, vaults_1, items_5, swamp_end, shoals_end,
          snake_end, spider_end, vaults_end, d_27, items_6, zot_1, zot_end,
          crypt_end, forest_end, elf_end, slime_end, tomb_end, abyss_end,
          pan_hell_end]

Action                   || total
-------------------------++-------
Melee: Hand axe          ||    11
Invok: Berserk           ||     2
Dodge: Dodged            ||     7
